 Dungeon Crawl Stone Soup version 0.29-a0-321-gf1c400731a (webtiles) character file.

Game seed: 16181135478025035876

506 Flugslaktarn the Stinger (level 7, 0/50 HPs)
             Began as a Human Venom Mage on Apr 3, 2022.
             Was an Initiate of Sif Muna.
             Slain by a black bear (4 damage)
             ... on level 5 of the Dungeon.
             The game lasted 00:14:51 (2638 turns).

Flugslaktarn the Stinger (Human Venom Mage)         Turns: 2638, Time: 00:14:52

Health: 0/50       AC:  4    Str:  8    XL:     7   Next: 41%
Magic:  7/12       EV: 12    Int: 18    God:    Sif Muna [......]
Gold:   67         SH:  0    Dex: 13    Spells: 3/13 levels left

rFire   . . .      SeeInvis .   o - +2 dagger (venom)
rCold   . . .      Faith    .   (no shield)
rNeg    . . .      Spirit   .   a - +0 robe
rPois   .          Reflect  .   w - +0 helmet
rElec   .          Harm     .   (no cloak)
rCorr   +          Rampage  .   c - +0 pair of gloves
Will    .....                   (no boots)
Stlth   ++........              (no amulet)
HPRegen 0.16/turn               f - ring of resist corrosion
MPRegen 0.13/turn               (no ring)

@: no status effects
A: no striking features
a: Renounce Religion


You were on level 5 of the Dungeon.
You worshipped Sif Muna.
Sif Muna was noncommittal.
You visited 2 branches of the dungeon, and saw 7 of its levels.

You collected 145 gold pieces.
You spent 78 gold pieces at shops.

Inventory:

Hand Weapons
 g - a +0 dagger
   (You found it on level 1 of the Dungeon)
 o - a +2 dagger of venom (weapon)
   (You took it off an orc on level 3 of the Dungeon)
 y - a +0 morningstar
   (You found it on level 5 of the Dungeon)
Missiles
 r - 6 silver boomerangs
Armour
 a - a +0 robe (worn)
 c - a +0 pair of gloves (worn)
   (You found it on level 5 of the Dungeon)
 p - a +0 buckler
   (You found it on level 1 of the Dungeon)
 w - a +0 helmet (worn)
   (You found it on level 4 of the Dungeon)
Jewellery
 f - a ring of resist corrosion (left hand)
   (You found it on level 1 of the Dungeon)
Wands
 u - a wand of flame (28)
   (You found it on level 3 of the Dungeon)
Scrolls
 i - 2 scrolls of enchant armour
 j - a scroll of magic mapping
 k - 2 scrolls of immolation
 l - 2 scrolls of fear
 m - a scroll of blinking {unknown}
 q - a scroll of fog
 s - a scroll of brand weapon {unknown}
 t - a scroll of teleportation
Potions
 b - a potion of magic
 d - a potion of might
 e - 6 potions of attraction
 h - 4 potions of haste
 n - a potion of cancellation {unknown}
 v - a potion of flight {unknown}
 x - a potion of heal wounds {unknown}
 z - a potion of curing {unknown}
 A - a potion of mutation {unknown}


   Skills:
 - Level 2.0 Fighting
 - Level 2.0 Dodging
 - Level 2.0 Stealth
 + Level 3.7 Spellcasting
 - Level 2.0 Transmutations
 - Level 2.0 Air Magic
 - Level 6.0 Poison Magic


You had 3 spell levels left.
You knew the following spells:

 Your Spells              Type           Power      Damage    Failure   Level
a - Sting                 Tmut/Pois      68%        1d6       3%          1
b - Poisonous Vapours     Pois/Air       34%        N/A       4%          2
c - Olgreb's Toxic Radia  Pois           25%        N/A       13%         4
d - Mephitic Cloud        Conj/Pois/Air  12%        N/A       16%         3

Your spell library contained the following spells:

 Spells                   Type           Power      Damage    Failure   Level


Dungeon Overview and Level Annotations

Branches:
Dungeon (6/15)             Temple (1/1) D:5

Altars:
Ashenzari
Cheibriados
Dithmenos
Elyvilon
Fedhas
Hepliaklqana
Kikubaaqudgha
Makhleb
Nemelex Xobeh
Okawaru
Qazlal
Ru
Sif Muna
Vehumet
Wu Jian
Xom
Yredelemnul
The Shining One

Shops:
D:3 ?

Annotations:
D:6 exclusion: water moccasin


Message History

There is a stone staircase leading up here.
Casting: Sting (safe; 3% risk of failure)
Confirm with . or Enter, or press ? or * to list all spells.
Aiming: Poisonous Vapours (safe; 4% risk of failure)
Press: ? - help, Dir - move target, f - black bear
Aim: a black bear You miscast Poisonous Vapours.
You are very lightly contaminated with residual magic.
Nothing appears to happen.
Casting: Poisonous Vapours (safe; 4% risk of failure)
Confirm with . or Enter, or press ? or * to list all spells.
Aiming: Poisonous Vapours (safe; 4% risk of failure)
Press: ? - help, Dir - move target, f/p - black bear
Aim: a black bear Poisonous vapours surround the black bear!
The black bear is poisoned.
An iguana comes into view.
Unknown command.
Casting: Poisonous Vapours (safe; 4% risk of failure)
Confirm with . or Enter, or press ? or * to list all spells.
Aiming: Mephitic Cloud (dangerous; 16% risk of failure)
Press: ? - help, Shift-Dir - straight line, f/p - black bear
Aim: a black bear (poisoned, chance to affect: 72%)
The ball explodes into a vile cloud!
The stinking cloud engulfs the black bear but does no damage.
The iguana hisses angrily.
You hear a shout! x3
The black bear is engulfed in noxious fumes.
The black bear appears confused.
You hear a shout!
The black bear is engulfed in noxious fumes.
The iguana hisses menacingly.
The black bear is engulfed in noxious fumes.
The black bear appears confused.
The black bear bites the kobold.
The kobold is killed!
Sif Muna accepts your kill.
The black bear looks more healthy.
The black bear bites the iguana!
The black bear claws the iguana but does no damage.
The black bear closely misses the iguana.
A kobold brigand comes into view.
It is wielding a +0 dagger and quivering curare-tipped darts.
Your magical contamination has completely faded away.
Unknown command.
You hit the black bear.
The black bear is moderately wounded.
The black bear bites you. The black bear closely misses you.
The black bear claws you but does no damage.
You hit the black bear.
The black bear is poisoned.
The black bear is moderately wounded.
The black bear bites the iguana.
The black bear completely misses the iguana.
The black bear claws the iguana.
The iguana is killed!
Sif Muna accepts your kill.
You barely miss the black bear.
The black bear is moderately wounded.
An orc comes into view. It is wielding a +0 club.
You strike the helpless black bear from behind!
You hit the black bear.
The black bear is severely wounded.
The black bear barely misses you. The black bear closely misses you.
The black bear claws you.
A kobold comes into view. It is wielding a +0 short sword.
The orc hits you but does no damage.
There is a stone staircase leading up here.
You hit the black bear but do no damage.
The black bear looks as sick as possible!
You punch the black bear, but do no damage.
The black bear is severely wounded.
The orc closely misses you. The black bear bites you.
The black bear barely misses you. The black bear closely misses you.
You barely miss the black bear.
The black bear is severely wounded.
The black bear seems less confused.
The orc hits you but does no damage.
The black bear goes berserk!
The black bear misses you. The black bear claws you. x2
The orc hits you with a +0 club.
You climb upwards.
There is a stone staircase leading down here.
You hit the black bear.
The black bear is almost dead.
The black bear bites you! The black bear claws you.
The black bear closely misses you. The orc closely misses you.
The black bear bites you but does no damage.
The black bear claws you. x2
Unknown command.
The orc misses you.
Unknown command.
Okay, then.
Okay, then.
You barely miss the black bear.
The black bear is almost dead.
The black bear bites you but does no damage.
The black bear claws you.
* * * LOW HITPOINT WARNING * * *
The black bear claws you.
* * * LOW HITPOINT WARNING * * *
The black bear bites you!
* * * LOW HITPOINT WARNING * * *
The black bear claws you.
You die...

#.... ##........
#...# #....[†...
##...# ##.........
##.... #..........
#....####..........
#......##.........#
#....##...<.......#
##..h#
##..........#
#..@o# #..........#
###### #..........#
####.......#
#..#....# #.###.#..
#######.# ##...
#.......####...
#..............
##.............


You could see a black bear (berserk, very poisoned) and an orc.

Vanquished Creatures
  Edmund (D:4)
  A hound (D:4)
  3 orc priests
  2 iguanas
  An orc wizard (D:5)
  6 adders
  A white imp (D:5)
  A worm (D:2)
  2 dart slugs
  15 orcs
  A ball python (D:3)
  3 bats
  6 endoplasms
  4 giant cockroaches
  9 goblins
  7 hobgoblins
  12 jackals
  9 kobolds
  5 quokkas
  3 frilled lizards
  3 rats (D:1)
95 creatures vanquished.

Vanquished Creatures (others)
  Ijyb (D:3)
1 creature vanquished.

Grand Total: 96 creatures vanquished

Notes
Turn   | Place    | Note
-------+----------+-------------------------------------------
     0 | D:1      | Flugslaktarn the Human Venom Mage began the quest for the
                  | Orb.
     0 | D:1      | Reached XP level 1. HP: 13/13 MP: 3/3
    70 | D:1      | Reached XP level 2. HP: 19/19 MP: 0/5
    73 | D:1      | Learned a level 2 spell: Poisonous Vapours
   210 | D:1      | Found a faded altar of an unknown god.
   301 | D:1      | Reached skill level 1 in Air Magic
   301 | D:1      | Reached XP level 3. HP: 21/24 MP: 3/6
   714 | D:3      | Noticed Ijyb
   782 | D:2      | Reached XP level 4. HP: 7/30 MP: 1/7
   980 | D:3      | Reached skill level 4 in Poison Magic
  1253 | D:4      | Reached XP level 5. HP: 10/35 MP: 3/8
  1312 | D:3      | Noticed a phantom
  1416 | D:5      | Entered Level 5 of the Dungeon
  1461 | D:3      | Found Opiq's Magic Scroll Emporium.
  1485 | D:3      | Killed Ijyb
  1511 | D:3      | Bought a scroll of teleportation for 36 gold pieces
  1511 | D:3      | Bought a scroll of fear for 42 gold pieces
  1571 | D:4      | Noticed Edmund
  1825 | D:4      | Reached XP level 6. HP: 32/41 MP: 5/10
  1912 | D:4      | Killed Edmund
  1913 | D:4      | Reached skill level 5 in Poison Magic
  1913 | D:4      | Reached skill level 1 in Fighting
  1924 | D:4      | Learned a level 4 spell: Olgreb's Toxic Radiance
  1928 | D:4      | Learned a level 3 spell: Mephitic Cloud
  2229 | D:5      | Reached skill level 6 in Poison Magic
  2229 | D:5      | Reached XP level 7. HP: 42/48 MP: 8/11
  2316 | D:5      | Found a staircase to the Ecumenical Temple.
  2325 | Temple   | Entered the Ecumenical Temple
  2361 | Temple   | Became a worshipper of Sif Muna the Loreminder
  2520 | D:6      | Noticed a water moccasin
  2638 | D:5      | Slain by a black bear

Illustrated notes

Levels and vault maps discovered:
D:1:      evilmike_arrival_hilbert_curve, layout_rooms,
          ebering_ecumenical_altar_box, minivault_24, minmay_crystal_room,
          chequers_serial_rivers_micro_b
D:2:      layout_basic
D:3:      layout_rooms, serial_shops, nicolae_shop_hallway_stairs, uniq_ijyb
D:4:      layout_loops_corners, palyth_stone_intersect, uniq_edmund
D:5:      layout_cave_pods, temple_hall, serial_rivers,
          chequers_serial_rivers_micro_b, chequers_serial_rivers_small_b,
          chequers_serial_rivers_small_b, chequers_serial_rivers_micro_c,
          chequers_serial_rivers_large_a, chequers_serial_rivers_large_b,
          minivault_26, grunt_tough_drop, uniq_crazy_yiuf_cottage
D:6:      layout_loops_corners
Temple:   hc_temple_tempest_star

Skill      XL: |  1  2  3  4  5  6  7 |
---------------+----------------------+-----
Transmutations | 2 |  2.0
Air Magic      | 1 2 |  2.0
Poison Magic   | 4 6 |  6.0
Spellcasting   | 3 |  3.7
Fighting       | 1 2 |  2.0
Dodging        | |  2.0
Stealth        | |  2.0

Action                   |  1- 3 |  4- 6 |  7- 9 || total
-------------------------+-------+-------+-------++-------
Melee: Unarmed           |     9 |       |       ||     9
       Dagger            |    37 |    82 |    34 ||   153
       Punch             |       |       |     2 ||     2
 Cast: Sting             |    41 |    55 |     7 ||   103
       Poisonous Vapours |     2 |    14 |     7 ||    23
       Mephitic Cloud    |       |       |     2 ||     2
       Olgreb's Toxic Ra |       |       |     1 ||     1
Evoke: Wand              |       |       |     2 ||     2
  Use: Scroll            |     5 |     1 |       ||     6
       Potion            |       |     3 |       ||     3
 Stab: Confused          |       |       |     2 ||     2
Armor: Robe              |    20 |    16 |     6 ||    42
Dodge: Dodged            |    39 |    91 |    20 ||   150

Table legend: (Time is in decaauts)
 A = Elapsed time spent in this place.
 B = Non-inter-level travel time spent in this place.
 C = Inter-level travel time spent in this place.
 D = Time resting spent in this place.
 E = Time spent auto-exploring this place.
 F = Levels seen in this place.
 G = Mean time per level.
                   A        B        C        D        E       F      G
               +--------+--------+--------+--------+--------+-----+--------+
         Total |   2654 |   2521 |    133 |      0 |      0 |   7 |  379.1 |
       Dungeon |   2591 |   2473 |    118 |      0 |      0 |   6 |  431.8 |
        Temple |     62 |     47 |     15 |      0 |      0 |   1 |   62.0 |
               +--------+--------+--------+--------+--------+-----+--------+

Top non-repeatable levels by time:
     D:4: 691 daAuts
     D:2: 480 daAuts
     D:3: 457 daAuts
     D:5: 428 daAuts
     D:1: 411 daAuts
     D:6: 121 daAuts
  Temple: 62 daAuts
